 Dungeon Crawl Stone Soup version 0.30.0-29-ga12c61a403 (webtiles) character file.

Game seed: 1149156242540485111

65606 MacCMillion the Summoner (level 15, -4/95 HPs)
             Began as a Tengu Summoner on June 8, 2023.
             Was a High Priest of Sif Muna.
             Killed from afar by Azrael (33 damage)
             ... with damnation
             ... on level 2 of the Orcish Mines.
             The game lasted 01:32:21 (24001 turns).

MacCMillion the Summoner (Tengu Summoner)          Turns: 24001, Time: 01:32:21

Health: -4/95      AC:  8    Str: 10    XL:     15   Next: 17%
Magic:  38/39      EV: 28    Int: 22    God:    Sif Muna [*****.]
Gold:   1346       SH:  0    Dex: 14    Spells: 10/34 levels left

rFire   . . .        N - +5 Force Lance {heavy, knockback}
rCold   . . .        (no shield)
rNeg    . . .        z - +1 steam dragon scales
rPois   .            (helmet restricted)
rElec   .            U - +0 cloak
rCorr   .            (no gloves)
SInv    .            (boots unavailable)
Will    +....        k - amulet of magic regeneration
Stlth   ++           e - +5 ring of evasion
HPRegen 0.35/turn    M - ring of magical power
MPRegen 0.66/turn

%: no passive effects
@: flying quickly and evasively, quick
A: beak, talons 3, nimble flight
a: Renounce Religion, Channel Magic, Forget Spell, Divine Exegesis


You were on level 2 of the Orcish Mines.
You worshipped Sif Muna.
Sif Muna was extremely pleased with you.
You visited 4 branches of the dungeon, and saw 19 of its levels.
You also visited: Bailey and Ice Cave.

You collected 1346 gold pieces.

Inventory:

Hand Weapons
 c - a +3 dagger of venom
 h - a +0 dagger
 E - the +5 flail "Yqyecigg" {venom, Will+ Str+2 Int+3}
   (You found it on level 8 of the Dungeon)

   Str:       It affects your strength (+2).
   Int:       It affects your intelligence (+3).
   Will:      It increases your willpower.
 N - the +5 Force Lance (weapon) {heavy, knockback}
   (You found it on level 10 of the Dungeon)
Missiles
 L - 3 throwing nets
Armour
 z - +1 steam dragon scales (worn)
 U - a +0 cloak (worn)
Jewellery
 e - a +5 ring of evasion (left hand)
 k - an amulet of magic regeneration (around neck)
 n - a ring of wizardry
 r - a ring of see invisible
 t - a ring of resist corrosion
 J - a +6 ring of strength
 M - a ring of magical power (right hand)
Wands
 u - a wand of iceblast (11)
 x - a wand of flame (7)
 C - a wand of polymorph (16)
 O - a wand of acid (13)
 P - a wand of mindburst (8)
 S - a wand of digging (2)
 T - a wand of charming (19)
Scrolls
 i - 6 scrolls of identify
 j - 3 scrolls of enchant armour
 l - 3 scrolls of fog
 m - 4 scrolls of teleportation
 o - 3 scrolls of noise
 p - 4 scrolls of poison
 q - 5 scrolls of enchant weapon
 v - 2 scrolls of immolation
 y - 5 scrolls of blinking
 A - a scroll of torment
 G - a scroll of butterflies
 R - a scroll of amnesia
 W - a scroll of vulnerability
 X - a scroll of magic mapping
Potions
 a - 4 potions of attraction
 b - 6 potions of magic
 d - 5 potions of heal wounds
 g - 6 potions of curing
 s - a potion of mutation
 w - a potion of ambrosia
 B - 4 potions of brilliance
 D - 4 potions of might
 F - a potion of resistance
 H - 3 potions of haste
 I - a potion of cancellation
 K - a potion of degeneration
 V - 2 potions of flight {unknown}
Miscellaneous
 f - a phantom mirror (inert)
 Q - a box of beasts


   Skills:
 + Level 11.5 Fighting
 - Level 3.7 Armour
 + Level 14.3 Dodging
 - Level 2.0 Stealth
 - Level 10.0 Spellcasting
 - Level 14.5 Summonings
 - Level 5.0 Translocations
 - Level 7.0 Air Magic
 - Level 9.0 Invocations


You had 10 spell levels left.
You knew the following spells:

 Your Spells              Type           Power      Damage    Failure   Level
a - Summon Small Mammal   Summ           100%       N/A       0%          1
b - Call Imp              Summ           100%       N/A       1%          2
c - Call Canine Familiar  Summ           66%        N/A       1%          3
d - Summon Lightning Spi  Summ/Air       55%        N/A       1%          4
e - Summon Guardian Gole  Hex/Summ       43%        N/A       1%          3
f - Summon Cactus Giant   Summ           33%        N/A       2%          6
g - Summon Forest         Summ/Tloc      26%        N/A       3%          5

Your spell library contained the following spells:

 Spells                   Type           Power      Damage    Failure   Level
 Apportation              Tloc           66%        N/A       1%          1
 Vhi's Electric Charge    Tloc/Air       74%        N/A       1%          3
 Freeze                   Ice            44%        1d6       6%          1
 Sandblast                Erth           22%        2d7       6%          1
 Passage of Golubria      Tloc           33%        N/A       8%          4
 Ensorcelled Hibernation  Hex/Ice        22%        N/A       9%          2
 Passwall                 Tmut/Erth      9%         N/A       9%          2
 Scorch                   Fire           22%        2d5       9%          2
 Wereblood                Tmut           11%        N/A       9%          2
 Summon Mana Viper        Hex/Summ       43%        N/A       9%          5
 Confusing Touch          Hex            11%        N/A       19%         3
 Frozen Ramparts          Ice            22%        1d4       19%         3
 Hailstorm                Conj/Ice       11%        3d5       19%         3
 Ignite Poison            Fire/Tmut/Pois 11%        N/A       19%         3
 Inner Flame              Hex/Fire       11%        N/A       19%         3
 Spider Form              Tmut/Pois      11%        N/A       19%         3
 Stone Arrow              Conj/Erth      22%        3d8       19%         3
 Iskenderun's Mystic Bla  Conj/Tloc      22%        2d6       22%         4
 Arcjolt                  Conj/Air       13%        1d23      36%         5
 Silence                  Hex/Air        13%        N/A       36%         5
 Flame Wave               Conj/Fire      11%        2d6       52%         4
 Ice Form                 Ice/Tmut       11%        N/A       52%         4
 Leda's Liquefaction      Hex/Erth       5%         N/A       52%         4
 Alistair's Intoxication  Tmut/Pois      7%         N/A       86%         5
 Borgnjor's Vile Clutch   Necr/Erth      5%         N/A       86%         5
 Yara's Violent Unravell  Hex/Tmut       5%         3d4       86%         5
 Eringya's Noxious Bog    Tmut/Pois      5%         N/A       100%        6
 Enfeeble                 Hex            5%         N/A       100%        7
 Ozocubu's Refrigeration  Ice            5%         4d8       100%        7
 Storm Form               Tmut/Air       13%        N/A       100%        7
 Disjunction              Tloc           16%        N/A       100%        8
 Lehudib's Crystal Spear  Conj/Erth      5%         10d3      100%        8
 Maxwell's Capacitive Co  Air            20%        ∞         100%        8


Dungeon Overview and Level Annotations

Branches:
Dungeon (11/15)            Temple (1/1) D:6            Lair (5/5) D:8
  Snake (0/4) Lair:2        Slime (0/5) Lair:5          Orc (2/2) D:10
    Elf (0/3) Orc:2        Bailey (visited)           IceCv (visited)
  Swamp: Lair:2-3    Shoals: Lair:2-3

Altars:
Ashenzari
Cheibriados
Dithmenos
Elyvilon
Fedhas
Gozag
Hepliaklqana
Kikubaaqudgha
Makhleb
Nemelex Xobeh
Okawaru
Qazlal
Ru
Sif Muna
Trog
Uskayaw
Vehumet
Wu Jian
Xom
Yredelemnul
Zin
The Shining One
Jiyva

Shops:
D:2 (   D:3 :   Orc:2 (!((

Annotations:
D:6 2 runed translucent doors
D:7 exclusion: cyclops
D:9 1 runed translucent door, Sensen's ghost, novice DsRe
Lair:5 2 transporters, alexxx's ghost, journeyman FeSu
Orc:2 Azrael


Innate Abilities, Weirdness & Mutations

You have a beak for a mouth.
You have claws for feet.
Your magical nature lets you fly swiftly and evasively.


Message History

Azrael hits Azrael with a +2 scimitar of flaming!
Azrael is momentarily hidden by a cloud of flames.
Azrael gestures at you. The bolt of fire hits your warg!!
The bolt of fire hits your cactus giant!!
The bolt of fire misses you.
Your warg bites Azrael but does no damage.
You hear a bark!
Azrael gestures at you.
The sphere of damnation explodes!
The damnation engulfs you!!
The damnation engulfs your lightning spire!!
Azrael hits Azrael with a +2 scimitar of flaming!
Your warg bites Azrael but does no damage.
Your warg bites Azrael but does no damage.
A hell hound comes into view.
Aiming: Iceblast
Press: ? - help, Shift-Dir - straight line, p - Azrael The mass of ice explodes!
The iceblast engulfs Azrael!
Azrael is frozen!
Azrael is heavily wounded.
You hear a bark!
Your warg bites Azrael.
Your cactus giant hits Azrael with a +0 giant spiked club!
Azrael gestures at you.
The sphere of damnation explodes!
The damnation engulfs you!!
The damnation engulfs your lightning spire!!!
Your lightning spire is destroyed!
Your lightning spire disappears in a puff of smoke!
Azrael hits Azrael with a +2 scimitar of flaming!
Your warg bites Azrael.
Aiming: Iceblast
Press: ? - help, Shift-Dir - straight line The mass of ice explodes!
The iceblast engulfs Azrael.
Azrael is almost dead.
The iceblast engulfs the hell hound!
The hell hound is frozen!
The hell hound is heavily wounded.
Azrael shimmers and vanishes!
The hell hound bites your warg. Azrael gestures at you.
The sphere of damnation explodes!
The damnation engulfs you!!
You die...

*,,,,***
*##**,*,*,*****
**.##**,,,,,**,*
*,..##*#,*,,,,,,
###...#..,,,,,,,,
##........,,,,**,,
*.........,,,,*,,,
####§.#..#..,,,***,,
##.#@..†.Rh.#*,,****,
#.......Ch°..*,,,*,*,
##.........°#☼,,*,,,,
#....#......#,,,,*,,,
#...........#,,,*,,,,
#..........##*,,,,,,,
#...........#,*,,,,,,
##...........,,*,,*,,
##........,,,*,,,,,,


You could see Azrael (ally target), a hell hound, a friendly cactus giant
(summoned) and a friendly warg (summoned).

Vanquished Creatures
  A centaur warrior (D:10)
  An orc high priest (Orc:2)
  2 black mambas
  2 wolf spiders
  An ice statue (IceCv)
  A centaur zombie (D:10)
  2 blink frogs
  3 yaks
  A wyvern (Lair:5)
  4 water moccasins
  3 orc warriors
  4 wolves (Lair:3)
  2 centaurs
  A bullfrog (Lair:2)
  A wight (D:9)
  4 electric eels (D:6)
  A howler monkey (D:5)
  A jelly (D:5)
  A human zombie (D:10)
  3 orc wizards
  2 iguanas
  2 gnolls (D:5)
  An adder (D:5)
  An ufetubus (D:7)
  3 orcs
  An endoplasm (D:2)
  A hobgoblin (D:1)
  A jackal (D:3)
  A kobold (D:10)
  A quokka (D:1)
  A bat (D:1)
54 creatures vanquished.

Vanquished Creatures (collateral kills)
  An ettin (Orc:2)
  A fire dragon (Lair:5)
  A catoblepas (Lair:3)
  3 hydras
  2 boulder beetles (Lair:5)
  3 two-headed ogres
  4 death yaks
  2 orc high priests (Orc:2)
  Sonja (Lair:4)
  A skyshark (Lair:3)
  A lindwurm (Lair:4)
  Pikel (D:4)
  5 orc knights (Orc:2)
  A wolf spider (Lair:5)
  2 orc sorcerers (Orc:2)
  3 cyclopes
  Maurice (Orc:1)
  An ice statue (IceCv)
  An ugly thing (IceCv)
  4 centaur zombies (D:10)
  6 black mambas
  A guardian serpent (Lair:5)
  A torpor snail (Lair:3)
  13 cane toads
  Maggie (D:6)
  5 rime drakes
  A freezing wraith (IceCv)
  2 unseen horror zombies (D:10)
  4 komodo dragons
  3 ice devils (IceCv)
  A kobold demonologist (D:9)
  An anaconda simulacrum (IceCv)
  4 trolls
  16 blink frogs
  4 polar bears
  3 hornets
  2 dream sheep (Lair:3)
  Sigmund (D:6)
  5 spriggans (Bailey)
  A dire elephant simulacrum (IceCv)
  28 yaks
  A vampire (D:9)
  8 wyverns
  5 basilisks
  3 nameless horrors
  3 steam dragons
  A death yak simulacrum (IceCv)
  5 harpy simulacra (IceCv)
  2 redbacks (Lair:5)
  3 nagas (Lair:2)
  12 water moccasins
  An acid dragon (Lair:5)
  6 hell hounds
  A hydra simulacrum (IceCv)
  A swamp drake (Lair:5)
  12 orc warriors
  A black bear (Lair:3)
  13 ogres
  27 wolves
  3 centaurs
  A lemure (D:5)
  A phantom (D:6)
  Blork the orc (D:5)
  5 bullfrogs
  A gnoll sergeant (D:9)
  2 necrophages (D:10)
  A two-headed ogre simulacrum (IceCv)
  4 kobold brigands
  2 scorpions
  9 wights
  6 killer bees (D:8)
  6 howler monkeys
  A hound (D:6)
  3 jellies (Lair:5)
  9 orc priests
  A sleepcap (D:6)
  Ijyb (D:5)
  5 iguanas
  6 orc wizards
  A spriggan simulacrum (IceCv)
  A howler monkey zombie (D:10)
  3 adders
  11 gnolls
  A naga simulacrum (IceCv)
  A shadow imp (D:5)
  12 white imps (Orc:1)
  3 ufetubi
  3 dart slugs
  44 orcs
  4 bats
  8 endoplasms
  8 goblins
  4 hobgoblins
  6 jackals
  32 kobolds
  4 ball pythons
  3 frilled lizards
  5 rats
469 creatures vanquished.

Vanquished Creatures (others)
  A reaper (IceCv)
  2 orc sorcerers (Orc:2)
  A cyclops (Orc:2)
  A black mamba (Lair:5)
  3 cane toads (Lair:5)
  A komodo dragon (Lair:3)
  A rime drake (Lair:5)
  A blink frog (Lair:2)
  A wyvern (Lair:5)
  2 dire elephant simulacra (IceCv)
  4 yaks
  A basilisk (Lair:4)
  An acid dragon (Lair:5)
  2 water moccasins
  An orc warrior (Orc:1)
  7 wolves
  An orc priest (Orc:2)
  An iguana (Lair:5)
32 creatures vanquished.

Grand Total: 555 creatures vanquished

Notes
Turn   | Place    | Note
-------+----------+-------------------------------------------
     0 | D:1      | MacCMillion the Tengu Summoner began the quest for the Orb.
     0 | D:1      | Reached XP level 1. HP: 10/10 MP: 4/4
   139 | D:1      | Reached skill level 5 in Summonings
   165 | D:1      | Reached XP level 2. HP: 15/15 MP: 4/6
   727 | D:1      | Reached XP level 3. HP: 19/19 MP: 4/7
   862 | D:2      | Learned a level 2 spell: Call Imp
   866 | D:2      | Learned a level 3 spell: Call Canine Familiar
   969 | D:2      | Found Wedargho's Weapon Boutique.
   969 | D:2      | Noticed a +0 demon blade
   970 | D:2      | Noticed a +0 great mace
  1237 | D:2      | Reached XP level 4. HP: 22/24 MP: 4/9
  1748 | D:3      | Found a sparkling altar of Nemelex Xobeh.
  1821 | D:3      | Found a glowing golden altar of the Shining One.
  2083 | D:3      | Gained mutation: Your magical nature lets you fly swiftly
                  | and evasively. [Tengu growth]
  2083 | D:3      | Reached XP level 5. HP: 28/28 MP: 4/10
  2364 | D:3      | Found Xijof's Book Boutique.
  2799 | D:4      | Found a shimmering altar of Xom.
  3392 | D:4      | Found an iron altar of Okawaru.
  3404 | D:4      | Reached skill level 1 in Fighting
  3550 | D:5      | Entered Level 5 of the Dungeon
  3554 | D:5      | Noticed a lemure
  3566 | D:5      | Killed a lemure
  3601 | D:5      | Noticed a lemure
  3602 | D:5      | Noticed Pikel
  3616 | D:5      | Noticed a lemure
  3746 | D:4      | Killed Pikel
  3747 | D:4      | Reached skill level 5 in Dodging
  3747 | D:4      | Reached XP level 6. HP: 38/38 MP: 0/11
  3747 | D:4      | Reached XP level 7. HP: 43/43 MP: 0/12
  4293 | D:5      | Reached skill level 5 in Fighting
  4293 | D:5      | Reached XP level 8. HP: 49/49 MP: 5/13
  4545 | D:5      | Found a shadowy altar of Dithmenos.
  4786 | D:5      | Noticed a yak
  4793 | D:5      | Learned a level 4 spell: Summon Lightning Spire
  4794 | D:5      | Noticed a yak
  4795 | D:5      | Noticed a yak
  4808 | D:5      | Killed a yak
  4815 | D:5      | Noticed a yak
  4821 | D:5      | Noticed a yak
  4938 | D:5      | Killed a yak
  4939 | D:5      | Reached skill level 1 in Air Magic
  5065 | D:4      | Killed a yak
  5225 | D:4      | Killed a yak
  5397 | D:5      | Reached skill level 5 in Air Magic
  5460 | D:5      | Reached XP level 9. HP: 54/54 MP: 10/14
  5511 | D:5      | Noticed Blork the orc
  5608 | D:5      | Killed Blork the orc
  5774 | D:5      | Noticed Ijyb
  5799 | D:5      | Killed Ijyb
  6323 | D:6      | Found a stormy altar of Qazlal.
  6738 | D:6      | Found a hazy altar of Hepliaklqana.
  6738 | D:6      | Found a burning altar of Makhleb.
  6869 | D:6      | Found a runed translucent door.
  6872 | D:6      | Found a runed translucent door.
  6895 | D:6      | Noticed Sigmund
  7185 | D:6      | Noticed Maggie
  7231 | D:6      | Killed Sigmund
  7476 | D:6      | Killed Maggie
  7477 | D:6      | Reached skill level 10 in Summonings
  7480 | D:6      | Found a staircase to the Ecumenical Temple.
  7490 | Temple   | Entered the Ecumenical Temple
  7616 | Temple   | Became a worshipper of Sif Muna the Loreminder
  8097 | D:7      | Reached XP level 10. HP: 60/60 MP: 8/15
  8998 | D:7      | Reached * piety under Sif Muna
  9121 | D:7      | Found a snail-covered altar of Cheibriados.
  9141 | D:7      | Found an opulent altar of Gozag.
  9163 | D:7      | Noticed a cyclops
  9323 | D:8      | Identified the +5 flail "Yqyecigg" {venom, Will+ Str+2
                  | Int+3}
  9335 | D:8      | Noticed a death yak
  9361 | D:8      | Noticed a death yak
  9365 | D:8      | Killed a death yak
  9366 | D:8      | Noticed a death yak
  9482 | D:7      | Killed a death yak
  9760 | D:8      | Found a flagged portal.
  9805 | Bailey   | Entered a bailey
  9967 | Bailey   | Reached skill level 10 in Dodging
  9974 | Bailey   | Identified the +2 shortbow of the Contumacious God {freeze,
                  | Dex+2}
  9974 | Bailey   | Identified the +7 quarterstaff of the Extremes {distort,
                  | rN+ Str+3 SInv}
 10159 | Bailey   | Reached XP level 11. HP: 62/68 MP: 8/16
 10220 | Bailey   | Noticed a two-headed ogre
 10303 | Bailey   | Killed a two-headed ogre
 10774 | D:8      | Killed a death yak
 11016 | D:8      | Found a staircase to the Lair.
 11527 | D:8      | Found a staircase to the Lair.
 12325 | D:9      | Found a runed translucent door.
 12325 | D:9      | Noticed Sensen's ghost (novice DsRe)
 12347 | D:9      | Reached ** piety under Sif Muna
 12510 | D:9      | Found a basalt altar of Yredelemnul.
 12865 | D:10     | Entered Level 10 of the Dungeon
 12865 | D:10     | Found the +5 Force Lance {heavy, knockback}
 12867 | D:10     | Noticed a centaur warrior
 12873 | D:10     | Killed a centaur warrior
 13117 | D:10     | Reached *** piety under Sif Muna
 13188 | D:10     | Learned a level 6 spell: Summon Cactus Giant
 13456 | D:10     | Reached XP level 12. HP: 58/77 MP: 18/18
 13598 | D:10     | Found an ancient bone altar of Kikubaaqudgha.
 13677 | D:10     | Found a staircase to the Orcish Mines.
 13948 | D:10     | Found a glowing silver altar of Zin.
 14232 | Lair:1   | Entered Level 1 of the Lair of Beasts
 14239 | Lair:1   | Reached skill level 1 in Invocations
 14667 | Lair:1   | Reached **** piety under Sif Muna
 14670 | Lair:1   | Reached skill level 5 in Invocations
 15084 | Lair:2   | Reached skill level 5 in Spellcasting
 15092 | Lair:2   | Learned a level 3 spell: Summon Guardian Golem
 15271 | Lair:2   | Found a staircase to the Snake Pit.
 15616 | Lair:2   | Reached XP level 13. HP: 78/82 MP: 11/21
 15631 | Lair:2   | Reached skill level 10 in Fighting
 15834 | Lair:2   | You are sucked into a shaft and drop 1 floor!
 16090 | Lair:3   | Reached ***** piety under Sif Muna
 16090 | Lair:3   | Received a gift from Sif Muna
 17307 | Lair:4   | Noticed Sonja
 17313 | Lair:4   | Killed Sonja
 18464 | Lair:5   | Entered Level 5 of the Lair of Beasts
 18729 | Lair:4   | Reached skill level 1 in Armour
 18908 | Lair:5   | Received a gift from Sif Muna
 18909 | Lair:5   | Got Sif Muna's Compilation of Inconstant Superposition {god
                  | gift}
 18918 | Lair:5   | Learned a level 5 spell: Summon Forest
 18918 | Lair:5   | Found a staircase to the Slime Pits.
 18922 | Lair:5   | Found a viscous altar of Jiyva.
 19046 | Lair:5   | Found a transporter.
 19061 | Lair:5   | Reached skill level 1 in Translocations
 19140 | Lair:5   | Reached XP level 14. HP: 88/88 MP: 26/26
 19272 | Lair:5   | Identified the +5 scimitar "Lete" {elec, rElec rC+ MP+9}
 19559 | Lair:5   | Noticed alexxx's ghost (journeyman FeSu)
 19560 | Lair:5   | Found a bloodstained altar of Trog.
 19598 | Lair:5   | Found a transporter.
 20255 | Lair:5   | Reached skill level 5 in Translocations
 20696 | Orc:1    | Entered Level 1 of the Orcish Mines
 20867 | Orc:2    | Entered Level 2 of the Orcish Mines
 20867 | Orc:2    | Found a staircase to the Elven Halls.
 20892 | Orc:1    | Found a frozen archway.
 20961 | IceCv    | Entered an ice cave
 20977 | IceCv    | Received a gift from Sif Muna
 21093 | IceCv    | Got Sif Muna's Meditations on Fey Changing {god gift}
 21684 | IceCv    | Reached skill level 10 in Spellcasting
 22481 | IceCv    | Noticed a reaper
 22491 | IceCv    | Killed a reaper
 22598 | IceCv    | Got the Verses on Frostbite
 22668 | Orc:1    | Noticed Maurice
 22676 | Orc:1    | Killed Maurice
 23071 | Orc:2    | Reached XP level 15. HP: 40/94 MP: 25/30
 23629 | Orc:2    | Found Qugosyph's Antique Weapon Boutique.
 23629 | Orc:2    | Found Tulumm's Antique Weapon Boutique.
 23630 | Orc:2    | Found Qunotteb's Weapon Emporium.
 23630 | Orc:2    | Found Wyutrum's Distillery.
 23994 | Orc:2    | Noticed Azrael
 24001 | Orc:2    | Killed from afar by Azrael

Illustrated notes

Levels and vault maps discovered:
D:1:      kennysheep_arrival_forest, layout_rooms, minmay_pentomino_x4
D:2:      layout_loops_ring, serial_shops, nicolae_shop_mannequins
D:3:      layout_loops_ring, old_standard_altar,
          mainiacjoe_overflow_surrounded_room, serial_shops, shop
D:4:      layout_loops_ring, mainiacjoe_overflow_paths,
          mainiacjoe_overflow_alcove_4
D:5:      layout_basic, mainiacjoe_overflow_24_doors, serial_glass,
          glass_columns_b, glass_columns_a, glass_columns_a, glass_columns_c,
          minmay_misc_feat_tiny, uniq_pikel, uniq_ijyb, uniq_blork_the_orc
D:6:      lemuel_insect_pit, layout_basic, gammafunk_temple_overflow_elements,
          nicolae_qazlal_eye_of_the_storm, temple_hall, serial_bayou_lake_a,
          uniq_sigmund, uniq_maggie
D:7:      layout_basic, nicolae_gozag_cash_rules_everything_around_me,
          cheibriados_altar_1, trog_book, kennysheep_generic_room_7
D:8:      layout_loops_ring, dpeg_lair_monsters, enter_bailey_3
D:9:      layout_rooms, mainiacjoe_overflow_alcove_1, hellmonk_ghost_big_iron
D:10:     layout_basic, lemuel_mausoleum_altar_kikubaaqudgha,
          mainiacjoe_overflow_alcove_2, orc_0_dummy
D:11:     layout_loops_ring, uniq_urug
Temple:   hellmonk_temple_of_storms
Lair:1:   layout_big_grid, minivault_25, nicolae_lair_run_with_the_wolves
Lair:2:   layout_hall_layers, minmay_shoals_entry_lonely_mermaid,
          guppyfry_snake_entry_island, hibernation_bobbens
Lair:3:   layout_regular_city, serial_bayou_lagoon_a
Lair:4:   layout_misc_corridors, serial_bayou_shore_a, uniq_sonja
Lair:5:   hangedman_lair_tendril_chambers, layout_big_grid,
          guppyfry_lair_end_dragon, nicolae_slime_entry_field_trip,
          gammafunk_ghost_wrathful_warriors, cheibrodos_lair_lostbears,
          infiniplex_staircase_pool
Orc:1:    layout_diamond_mine, enter_volcano_3, portal_ice_cave_entry_imps,
          uniq_maurice
Orc:2:    st_orc_elflike, layout_caves, hellmonk_guarded_unrand_dark_maul,
          uniq_azrael

Skill      XL: |  1  2  3  4  5  6  7  8  9 10 11 12 13 14 15 |
---------------+----------------------------------------------+-----
Summonings     | 5 6 7 10 12 13 14 | 14.5
Spellcasting   | 3 5 7 10 | 10.0
Fighting       | 4 5 7 9 10 11 | 11.5
Dodging        | 5 6 8 10 12 13 14 | 14.3
Air Magic      | 5 7 |  7.0
Invocations    | 8 9 |  9.0
Armour         | 3 |  3.7
Translocations | 2 5 |  5.0
Stealth        | |  2.0

Action                     |  1- 3 |  4- 6 |  7- 9 | 10-12 | 13-15 || total
---------------------------+-------+-------+-------+-------+-------++-------
  Melee: Club              |     1 |       |       |       |       ||     1
         Dagger            |     4 |     8 |    48 |     9 |       ||    69
         Peck              |     1 |     2 |    12 |    29 |    15 ||    59
         Kick              |       |     4 |    21 |    35 |    23 ||    83
         Punch             |       |       |     2 |     2 |       ||     4
         Flail             |       |       |       |    53 |       ||    53
         Lance             |       |       |       |    39 |    89 ||   128
   Cast: Summon Small Mamm |    42 |       |       |       |     1 ||    43
         Call Imp          |     4 |    19 |    41 |     8 |       ||    72
         Call Canine Famil |       |    26 |    49 |    50 |    55 ||   180
         Summon Lightning  |       |       |     5 |    91 |   131 ||   227
         Summon Guardian G |       |       |       |     5 |    67 ||    72
         Summon Cactus Gia |       |       |       |       |    66 ||    66
         Summon Forest     |       |       |       |       |     6 ||     6
  Evoke: Wand              |       |       |     5 |       |     2 ||     7
         Phantom mirror    |       |       |       |       |     1 ||     1
    Use: Scroll            |       |       |       |    17 |     8 ||    25
         Potion            |       |       |       |     4 |     2 ||     6
   Stab: Distracted        |       |       |       |     3 |     1 ||     4
         Betrayed ally     |       |       |       |     1 |     1 ||     2
         Sleeping          |       |       |       |     2 |       ||     2
 Armour: Robe              |     2 |       |       |       |       ||     2
         Leather armour    |       |     2 |     7 |       |       ||     9
         Steam dragon scal |       |       |     1 |    20 |    17 ||    38
  Dodge: Dodged            |    23 |    10 |    81 |   236 |   224 ||   574
